 Dungeon Crawl Stone Soup version 0.31-a0-544-gceb718ecc6 (webtiles) character file.

Game seed: 5529526970019643311

64462 Newt the Markskobold (level 15, 0/86 HPs)
             Began as a Kobold Hunter on Aug 15, 2023.
             Was a High Priest of Hepliaklqana.
             Slain by Newt's ghost (16 damage)
             ... on level 5 of the Lair of Beasts.
             The game lasted 00:21:50 (19135 turns).

Newt the Markskobold (Kobold Hunter)               Turns: 19135, Time: 00:21:51

Health: 0/86       AC: 14    Str: 11    XL:     15   Next: 54%
Magic:  0/29       EV: 25    Int: 10    God:    Hepliaklqana [*****.]
Gold:   1836       SH:  0    Dex: 30    Spells: 32/35 levels left

rFire   + . .        q - +7 shortbow (drain)
rCold   + . .        (shield currently unavailable)
rNeg    . . .        N - +0 troll leather armour
rPois   .            G - +0 helmet
rElec   .            T - scarf {rC+ rF+}
rCorr   .            J - +1 pair of gloves
SInv    .            K - +2 pair of boots
Will    +....        L - amulet of guardian spirit
Stlth   +++          u - +6 ring of dexterity
HPRegen 1.14/turn    s - +4 ring of protection
MPRegen 0.21/turn

%: guardian spirit
@: no status effects
A: reduced essence, small, no large weapons, nightstalker 3
a: Renounce Religion, Recall Ancestor, Ancestor Identity, Transference, Idealise


You were on level 5 of the Lair of Beasts.
You worshipped Hepliaklqana.
Hepliaklqana was extremely pleased with you.
You visited 3 branches of the dungeon, and saw 17 of its levels.
You also visited: Ossuary.

You collected 1836 gold pieces.

Inventory:

Hand Weapons
 a - a +0 heavy shortbow
 q - a +7 shortbow of draining (weapon)
Missiles
 e - 3 throwing nets
Armour
 c - a +0 leather armour
 j - a +1 cloak
 o - a +0 pair of gloves
 w - +0 steam dragon scales
 x - a +0 kite shield
 G - a +0 helmet (worn)
 H - a +0 pair of boots
 I - +0 acid dragon scales
 J - a +1 pair of gloves (worn)
 K - a +2 pair of boots (worn)
 M - a +1 leather armour of fire resistance
 N - a +0 troll leather armour (worn)
 T - a scarf of resistance (worn)
Jewellery
 s - a +4 ring of protection (right hand)
 u - a +6 ring of dexterity (left hand)
 B - a ring of positive energy
 C - an amulet of faith
 F - a ring of flight
 L - an amulet of guardian spirit (around neck)
 P - a +4 ring of protection
 S - an amulet of the acrobat
 V - a ring of protection from cold
Wands
 f - a wand of iceblast (10)
 E - a wand of paralysis (10)
 Q - a wand of light (17)
Scrolls
 b - a scroll of butterflies
 t - 3 scrolls of teleportation
 v - a scroll of revelation
 y - a scroll of blinking
 z - 4 scrolls of fear
 A - a scroll of brand weapon
 O - 6 scrolls of identify
 R - 2 scrolls of fog
Potions
 d - a potion of attraction
 g - 4 potions of heal wounds
 h - 2 potions of degeneration
 i - 2 potions of mutation
 k - 13 potions of ambrosia
 l - 7 potions of enlightenment
 m - 5 potions of lignification
 n - 3 potions of might
 p - 9 potions of curing
 r - 3 potions of brilliance
 D - a potion of invisibility
 W - a potion of haste
Miscellaneous
 U - a lightning rod (4/4)
 X - a tin of tremorstones (inert)


   Skills:
 - Level 12.0 Fighting
 - Level 18.0 Ranged Weapons
 - Level 5.0 Armour
 - Level 10.0 Dodging
 - Level 1.3 Stealth
 - Level 10.9 Spellcasting
 + Level 3.7 Hexes
 + Level 3.7 Summonings
 - Level 9.0 Invocations
 - Level 12.0 Evocations


You had 32 spell levels left.
You knew the following spells:

 Your Spells              Type           Power      Damage    Failure   Level
a - Summon Guardian Gole  Hex/Summ       12%        N/A       11%         3

Your spell library contained the following spells:

 Spells                   Type           Power      Damage    Failure   Level
 Call Imp                 Summ           24%        N/A       5%          2
 Kiss of Death            Conj/Necr      20%        2d7       16%         1
 Magic Dart               Conj           20%        1d4       16%         1
 Blink                    Tloc           10%        N/A       24%         2
 Sublimation of Blood     Necr           5%         N/A       24%         2
 Mephitic Cloud           Conj/Pois/Air  5%         N/A       43%         3
 Leda's Liquefaction      Hex/Erth       4%         N/A       58%         4
 Animate Dead             Necr           5%         N/A       85%         4
 Manifold Assault         Tloc           5%         N/A       85%         4
 Yara's Violent Unravell  Hex/Tmut       4%         3d4       91%         5
 Borgnjor's Vile Clutch   Necr/Erth      2%         N/A       99%         5
 Lee's Rapid Deconstruct  Erth           2%         3d5*      99%         5
 Death Channel            Necr           2%         N/A       100%        6
 Leda's Unmaking          Conj/Erth      2%         9d1       100%        6
 Orb of Destruction       Conj           2%         9d5       100%        7
 Spellforged Servitor     Conj/Summ      4%         N/A       100%        7
 Borgnjor's Revivificati  Necr           2%         N/A       100%        8


Dungeon Overview and Level Annotations

Branches:
Dungeon (12/15)            Temple (1/1) D:7            Lair (5/5) D:8
  Swamp (0/4) Lair:2        Slime (0/5) Lair:5          Orc (0/2) D:11
Ossuary (visited)
  Snake: Lair:2-3    Spider: Lair:2-3

Altars:
Ashenzari
Cheibriados
Dithmenos
Elyvilon
Fedhas
Gozag
Hepliaklqana
Kikubaaqudgha
Makhleb
Nemelex Xobeh
Okawaru
Qazlal
Ru
Sif Muna
Trog
Uskayaw
Vehumet
Wu Jian
Xom
Yredelemnul
Zin
The Shining One
Jiyva

Shops:
D:11 *

Annotations:
Lair:2 exclusion: 2 oklob plants
Lair:5 1 transporter, Newt's ghost, journeyman DrSh


Innate Abilities, Weirdness & Mutations

Your life essence is reduced to manifest your ancestor. (-10% HP)
You are small and have problems with some larger weapons.
You are completely attuned to the shadows.


Message History

Tiberia burns the queen bee.
Tiberia closely misses Newt's ghost.
Unknown command.
Unknown command.
Unknown command.
Unknown command.
You shoot an arrow.
The arrow hits the queen bee but does no damage.
The queen bee is severely wounded.
Unknown command.
You shoot an arrow. The arrow hits the queen bee.
You drain the queen bee.
You kill the queen bee!
Newt's ghost threatens to break your skull.
Newt's ghost hits you!
Tiberia hits Newt's ghost with a +0 broad axe of flaming!
Tiberia burns Newt's ghost.
Unknown command.
You shoot an arrow. The arrow barely misses Newt's ghost.
Newt's ghost hits you!!
* * * LOW HITPOINT WARNING * * *
Unknown command.
Tiberia hits Newt's ghost with a +0 broad axe of flaming!
Tiberia burns Newt's ghost.
There is a transporter landing site, spattered with blood here.
Items here: $ ) [ ††.
Unknown command.
Select a target.
Press: ? - help, Dir - move target, f/p - Newt's ghost
Aim: Newt's ghost, wielding a heavy weapon (heavily damaged, ally target)
The floor, spattered with blood.
Newt's ghost swaps with Tiberia!
Newt's ghost is drained by nostalgia.
Newt's ghost twirls its quarterstaff.
Newt's ghost misses you.
Unknown command.
Tiberia hits Newt's ghost but does no damage.
Unknown command.
Newt's ghost attacks as you move away! Newt's ghost hits you!
* * * LOW HITPOINT WARNING * * *
Unknown command.
Newt's ghost attacks as you move away! Newt's ghost hits you!
You die...

.......###y#
#.###....### .......# ..
...##.....P# .......# !#
#.#. #.....##
....#..##.. #...##....##
.#...#.#|#. #)#.#.....#
##.##..#!.# #§§#...###
#.....©#©.# #†R#©..P#
.....#.#}.# #.W#....#
...##..#.#. #.#@#....#
#..###.##.. #..†##....#
#### #.##.#.#.#.##....#
# ####.##...#...##...##
###.#..###y# #.###.#..#
........#########.....#
#.##P##..###.###....#.##
#######............###.#
#P..#........# ###


You could see the friendly Tiberia the knight and Newt's ghost (drained, ally
target).

Vanquished Creatures
  Snorg (D:10)
  2 hydras
  A centaur warrior (D:9)
  3 two-headed ogres
  2 death yaks (Lair:5)
  A tengu warrior (D:12)
  2 boulder beetles (D:11)
  The ghost of Kadiaz the Sneak, a novice FoDe of Vehumet (D:12)
  2 skysharks (Lair:5)
  Lodul (D:10)
  A lindwurm (Lair:5)
  A harpy (D:9)
  A deep elf pyromancer (D:12)
  3 ugly things
  The ghost of Brisketman the Slicer, a novice MfIE of Gozag (D:6)
  9 elephants
  2 cyclopes (D:12)
  3 black mambas (Lair:1)
  6 cane toads
  3 gargoyles
  A torpor snail (Lair:5)
  Psyche (D:10)
  A rime drake (Lair:2)
  A kobold demonologist (D:12)
  2 unseen horrors (D:12)
  3 komodo dragons
  3 trolls
  A meliai (Lair:5)
  2 queen bees
  6 hornets
  4 polar bears
  2 dream sheep (Lair:5)
  2 blink frogs (Lair:2)
  7 slime creatures
  9 spriggans (Lair:5)
  4 wraiths
  A shadow (D:12)
  41 yaks
  8 wyverns
  5 steam dragons
  10 vampire mosquitoes
  6 basilisks
  A warg (D:11)
  The ghost of LeprechaunX the Insei, an amateur OpSh (D:3)
  17 water moccasins
  3 acid dragons
  4 sky beasts
  6 orc warriors
  5 ice beasts
  8 black bears
  24 wolves
  8 ogres
  3 boggarts (Lair:5)
  A centaur (D:9)
  A phantom (D:4)
  8 kobold brigands
  2 gnoll sergeants
  A scorpion (D:5)
  8 bullfrogs
  7 wights
  4 water moccasin zombies (Ossuary)
  73 killer bees
  5 howler monkeys
  An electric eel (D:9)
  A crimson imp (D:5)
  A lava snake (D:9)
  5 hounds
  9 jellies
  2 gnoll boudas
  7 orc priests
  Crazy Yiuf (D:6)
  2 sleepcaps
  3 iguanas
  7 orc wizards
  7 hell rats
  3 mummies
  5 gnolls (D:7)
  13 adders
  A shadow imp (D:6)
  2 ufetubi (D:4)
  4 adder zombies (Ossuary)
  A worm (D:2)
  3 dart slugs
  40 orcs
  3 ball pythons
  7 bats
  10 endoplasms
  5 goblins
  7 hobgoblins
  5 jackals (D:1)
  11 kobolds
  4 quokkas
  2 frilled lizards
  4 gnoll zombies (Ossuary)
  4 hobgoblin zombies (Ossuary)
  4 kobold zombies (Ossuary)
  2 orc zombies (Ossuary)
  2 rats (D:1)
544 creatures vanquished.

Vanquished Creatures (collateral kills)
  A hydra (Lair:5)
  Erica (D:11)
  A boulder beetle (D:11)
  A two-headed ogre (D:11)
  4 spriggans (Lair:5)
  2 ugly things (D:12)
  A black mamba (Lair:5)
  A cane toad (Lair:1)
  3 komodo dragons (Lair:5)
  A tengu conjurer (D:12)
  A rime drake (Lair:2)
  A meliai (Lair:5)
  A queen bee (Lair:2)
  A troll (D:11)
  A hornet (Lair:5)
  3 slime creatures (D:12)
  A wyvern (D:8)
  12 yaks
  A vampire (D:10)
  A basilisk (Lair:1)
  A vampire mosquito (Lair:2)
  3 water moccasins
  An orc warrior (D:11)
  A black bear (Lair:5)
  A boggart (Lair:5)
  7 wolves
  5 ogres
  A kobold brigand (D:6)
  A wight (D:10)
  3 killer bees
  4 orc wizards
  An adder (Lair:1)
  A white imp (D:8)
  3 orcs
  2 kobolds (D:9)
74 creatures vanquished.

Vanquished Creatures (others)
  2 ancestors
  5 knights
7 creatures vanquished.

Grand Total: 625 creatures vanquished

Notes
Turn   | Place    | Note
-------+----------+-------------------------------------------
     0 | D:1      | Newt the Kobold Hunter began the quest for the Orb.
     0 | D:1      | Reached XP level 1. HP: 12/12 MP: 1/1
   134 | D:1      | Reached XP level 2. HP: 18/18 MP: 2/2
   798 | D:1      | Found a faded altar of an unknown god.
   806 | D:1      | Reached XP level 3. HP: 22/23 MP: 3/3
  1169 | D:2      | Reached XP level 4. HP: 30/30 MP: 4/4
  2223 | D:3      | Found a transporter.
  2224 | D:3      | Noticed LeprechaunX's ghost (amateur OpSh)
  2452 | D:4      | Noticed a black bear
  2454 | D:4      | Killed a black bear
  2455 | D:4      | Reached skill level 5 in Fighting
  2455 | D:4      | Reached skill level 6 in Ranged Weapons
  2455 | D:4      | Reached XP level 5. HP: 35/35 MP: 5/5
  2505 | D:4      | Reached skill level 7 in Ranged Weapons
  2505 | D:4      | Reached XP level 6. HP: 40/40 MP: 6/6
  2573 | D:4      | Reached skill level 8 in Ranged Weapons
  2869 | D:4      | Reached XP level 7. HP: 38/44 MP: 7/7
  2953 | D:4      | Found a broken altar of Ashenzari.
  2956 | D:4      | Found a hide-covered altar of Uskayaw.
  2960 | D:4      | Found a bloodstained altar of Trog.
  3132 | D:4      | Found a radiant altar of Vehumet.
  3365 | D:5      | Entered Level 5 of the Dungeon
  3395 | D:5      | Reached skill level 9 in Ranged Weapons
  3425 | D:5      | Found a snail-covered altar of Cheibriados.
  3649 | D:5      | Reached skill level 10 in Ranged Weapons
  3879 | D:5      | Reached XP level 8. HP: 23/49 MP: 8/8
  4235 | D:5      | Found a burning altar of Makhleb.
  4235 | D:5      | Found a shimmering altar of Xom.
  4664 | D:6      | Found a runed translucent door.
  4667 | D:6      | Noticed Crazy Yiuf
  4704 | D:6      | Reached skill level 5 in Dodging
  4892 | D:6      | Found a sand-covered staircase.
  4900 | Ossuary  | Entered an ossuary
  4956 | Ossuary  | Reached skill level 11 in Ranged Weapons
  5144 | D:6      | Reached skill level 12 in Ranged Weapons
  5274 | D:6      | Found a runed translucent gate.
  5274 | D:6      | Found a runed translucent gate.
  5274 | D:6      | Found a runed translucent gate.
  5277 | D:6      | Noticed Brisketman's ghost (novice MfIE)
  5297 | D:6      | Reached XP level 9. HP: 51/54 MP: 9/9
  5551 | D:6      | Reached skill level 13 in Ranged Weapons
  6221 | D:7      | Noticed a hornet
  6224 | D:7      | Paralysed by a hornet for 2 turns
  6236 | D:6      | Reached skill level 14 in Ranged Weapons
  6472 | D:6      | Killed a hornet
  6539 | D:7      | Reached skill level 15 in Ranged Weapons
  6572 | D:7      | Found a staircase to the Ecumenical Temple.
  6614 | Temple   | Entered the Ecumenical Temple
  6619 | Temple   | Became a worshipper of Hepliaklqana the Forgotten
  6647 | D:7      | Found a glowing silver altar of Zin.
  6647 | D:7      | Noticed an angel
  6697 | D:7      | Found a blossoming altar of Fedhas.
  7162 | D:7      | Found a stormy altar of Qazlal.
  7234 | D:8      | Reached XP level 10. HP: 63/63 MP: 10/10
  7878 | D:8      | Reached * piety under Hepliaklqana
  7961 | D:8      | Reached skill level 16 in Ranged Weapons
  8370 | D:8      | Reached skill level 17 in Ranged Weapons
  8473 | D:8      | Reached XP level 11. HP: 55/61 MP: 11/11
  8528 | D:8      | Found a staircase to the Lair.
  8870 | D:6      | Killed Crazy Yiuf
  8871 | D:6      | Reached skill level 18 in Ranged Weapons
  8953 | D:6      | Identified a scroll of acquirement
  8953 | D:6      | Acquired a +7 shortbow of draining
  8960 | D:6      | Reached skill level 1 in Armour
  8994 | D:6      | Killed Brisketman's ghost
  9335 | D:3      | Identified the +4 great mace of Conformity {spect, rC+
                  | rCorr Str+3}
  9343 | D:3      | Killed LeprechaunX's ghost
  9353 | D:3      | Found a transporter.
  9645 | D:9      | Reached skill level 5 in Armour
  9905 | D:9      | You fall into a shaft and drop 1 floor!
  9905 | D:10     | Entered Level 10 of the Dungeon
  9980 | D:10     | Noticed a two-headed ogre
  9986 | D:10     | Killed a two-headed ogre
 10016 | D:10     | Reached ** piety under Hepliaklqana
 10017 | D:10     | Remembered your ancestor Tiberia as a knight
 10347 | D:9      | Noticed a four-headed hydra
 10348 | D:9      | Noticed a harpy
 10355 | D:9      | Killed a four-headed hydra
 10363 | D:9      | Killed a harpy
 10387 | D:9      | Noticed a centaur warrior
 10407 | D:9      | Killed a centaur warrior
 10408 | D:9      | Reached XP level 12. HP: 45/65 MP: 12/12
 10494 | D:9      | Got the Collected Works on Unlucky Bones
 10600 | D:9      | Reached skill level 10 in Dodging
 10709 | D:9      | Reached skill level 1 in Evocations
 11100 | D:9      | Found an opulent altar of Gozag.
 11317 | D:10     | Noticed Snorg
 11326 | D:10     | Killed Snorg
 11327 | D:10     | Reached skill level 5 in Evocations
 11336 | D:10     | Noticed Lodul
 11342 | D:10     | Killed Lodul
 11492 | D:10     | Noticed Psyche
 11495 | D:10     | Killed Psyche
 12045 | D:10     | Reached *** piety under Hepliaklqana
 12168 | D:10     | Reached skill level 5 in Invocations
 12474 | D:11     | Noticed a boulder beetle
 12487 | D:11     | Killed a boulder beetle
 12649 | D:11     | Noticed a two-headed ogre
 12653 | D:11     | Killed a two-headed ogre
 12681 | D:11     | Found a staircase to the Orcish Mines.
 12853 | D:11     | Noticed a two-headed ogre
 12860 | D:11     | Killed a two-headed ogre
 12861 | D:11     | Reached XP level 13. HP: 70/70 MP: 19/19
 13157 | D:11     | Noticed Erica
 13167 | D:11     | Killed Erica
 13296 | D:11     | Reached skill level 10 in Fighting
 13308 | D:11     | Found Kaqucam's Serpentskin Sales.
 13804 | D:12     | Reached skill level 1 in Spellcasting
 14123 | D:12     | Reached skill level 5 in Spellcasting
 14147 | D:12     | Found a large runed translucent door.
 14147 | D:12     | Found a large runed translucent door.
 14778 | D:12     | Noticed Kadiaz's ghost (novice FoDe)
 14793 | D:12     | Killed Kadiaz's ghost
 14901 | Lair:1   | Entered Level 1 of the Lair of Beasts
 14926 | Lair:1   | Reached XP level 14. HP: 82/82 MP: 23/23
 15114 | Lair:1   | Reached **** piety under Hepliaklqana
 16507 | Lair:2   | Reached skill level 10 in Spellcasting
 16626 | Lair:2   | Found a staircase to the Swamp.
 17068 | Lair:2   | Reached ***** piety under Hepliaklqana
 17353 | Lair:3   | You fall into a shaft and drop 2 floors!
 17353 | Lair:5   | Entered Level 5 of the Lair of Beasts
 17458 | Lair:5   | Identified the +10 executioner's axe "Taysat" {freeze, rC+}
 17525 | Lair:5   | Paralysed by a hornet for 3 turns
 17702 | Lair:5   | Reached XP level 15. HP: 86/86 MP: 26/29
 17775 | Lair:5   | Found a transporter.
 17796 | Lair:5   | Reached skill level 10 in Evocations
 18134 | Lair:5   | Found a viscous altar of Jiyva.
 18224 | Lair:5   | Found a staircase to the Slime Pits.
 18252 | Lair:5   | Learned a level 3 spell: Summon Guardian Golem
 18297 | Lair:5   | Reached skill level 1 in Hexes
 18297 | Lair:5   | Reached skill level 1 in Summonings
 18734 | Lair:5   | Found a transporter.
 18735 | Lair:5   | Noticed Newt's ghost (journeyman DrSh)
 19135 | Lair:5   | Slain by Newt's ghost

Illustrated notes

Levels and vault maps discovered:
D:1:      ldierk_walled_garden, layout_basic, basic_ecumenical_altar,
          minmay_three_crescents
D:2:      layout_rooms
D:3:      layout_basic, gammafunk_ghost_smash, grunt_decor_arrowhead
D:4:      layout_cave_pools, mainiacjoe_overflow_small_starburst,
          grunt_temple_overflow_diamond
D:5:      layout_loops_corners, grunt_temple_overflow_champion_of_chaos,
          mainiacjoe_overflow_catwalk
D:6:      layout_gridville, gammafunk_ghost_nasty_kobolds,
          gup_ossuary_entry_pyramid, chequers_serial_rivers_small_b,
          uniq_crazy_yiuf_cottage
D:7:      layout_rooms, general_overflow_altar, overflow_temple_1_default,
          zin_angel, minmay_temple_entry_poolview
D:8:      layout_gridville, minmay_lair_entry_grove, grunt_ministairs_11,
          hangedman_misty_isle
D:9:      layout_stronghold, nicolae_gozag_cash_rules_everything_around_me,
          minmay_misc_feat_x, nicolae_lava_and_water,
          chequers_serial_rivers_small_3, nicolae_doodle_vault
D:10:     layout_stronghold, uniq_psyche, uniq_lodul, uniq_snorg
D:11:     layout_basic, erik_orc_3, amcnicky_mini_corridor_feature,
          guppyfry_shop_venom, uniq_erica
D:12:     layout_irregular_city, ebering_ghost_disaster_area,
          grunt_ministairs_9, minmay_alternating_orb
Temple:   nicolae_temple_ecumenical_triangle
Lair:1:   minmay_lair_venomous_thicket, layout_loops_ring, special_room
          [special_room_bee], hibernation_bobbens, grunt_megastairs_4
Lair:2:   hangedman_what_comes_after_a, layout_long_grid,
          minmay_swamp_entry_swarm, nicolae_lair_grove_arrangements
Lair:3:   layout_chaotic_city, dummy_snake_entry
Lair:5:   minmay_lair_end_enchanted_forest, layout_regular_city,
          nicolae_slime_entry_field_trip, gammafunk_ghost_hive

Skill      XL: |  1  2  3  4  5  6  7  8  9 10 11 12 13 14 15 |
---------------+----------------------------------------------+-----
Fighting       | 3 4 5 7 8 12 | 12.0
Ranged Weapons | 6 7 8 10 12 15 17 18 | 18.0
Dodging        | 4 5 9 10 | 10.0
Armour         | 5 |  5.0
Evocations     | 6 9 12 | 12.0
Invocations    | 8 9 |  9.0
Spellcasting   | 6 10 | 10.9
Hexes          | 3 |  3.7
Summonings     | 3 |  3.7
Stealth        | |  1.3

Action                     |  1- 3 |  4- 6 |  7- 9 | 10-12 | 13-15 || total
---------------------------+-------+-------+-------+-------+-------++-------
  Melee: Shortbow          |       |       |       |     2 |       ||     2
   Fire: Shortbow          |    74 |    76 |   260 |   494 |  1016 ||  1920
 Invoke: Recall Ancestor   |       |       |       |     2 |     2 ||     4
         Ancestor Life: Kn |       |       |       |     1 |       ||     1
         Transference      |       |       |       |       |     1 ||     1
  Evoke: Tin of tremorston |       |       |       |       |     2 ||     2
    Use: Scroll            |     4 |     3 |    11 |     3 |     1 ||    22
         Potion            |       |     1 |     2 |     2 |     1 ||     6
 Armour: Leather armour    |     8 |    13 |    37 |     9 |       ||    67
         Steam dragon scal |       |       |       |    34 |     1 ||    35
         Troll leather arm |       |       |       |       |    89 ||    89
  Dodge: Dodged            |    33 |    34 |   112 |   188 |   410 ||   777

Table legend: (Time is in decaauts)
 A = Elapsed time spent in this place.
 B = Non-inter-level travel time spent in this place.
 C = Inter-level travel time spent in this place.
 D = Time resting spent in this place.
 E = Time spent auto-exploring this place.
 F = Levels seen in this place.
 G = Mean time per level.
                   A        B        C        D        E       F      G
               +--------+--------+--------+--------+--------+-----+--------+
         Total |  18909 |  17822 |   1087 |   1787 |  13302 |  18 | 1050.5 |
       Dungeon |  14603 |  13704 |    899 |   1685 |  10189 |  12 | 1216.9 |
        Temple |     10 |     10 |      0 |      0 |      0 |   1 |   10.0 |
          Lair |   4045 |   3858 |    187 |    102 |   2964 |   4 | 1011.2 |
       Ossuary |    249 |    249 |      0 |      0 |    148 |   1 |  249.0 |
               +--------+--------+--------+--------+--------+-----+--------+

Top non-repeatable levels by time:
     D:6: 1920 daAuts
  Lair:5: 1702 daAuts
     D:8: 1683 daAuts
    D:10: 1489 daAuts
     D:9: 1398 daAuts
     D:5: 1323 daAuts
     D:3: 1273 daAuts
    D:12: 1184 daAuts
    D:11: 1157 daAuts
  Lair:1: 1120 daAuts
  Lair:2: 1037 daAuts
     D:7: 897 daAuts
     D:1: 894 daAuts
     D:4: 782 daAuts
     D:2: 599 daAuts
